 Dungeon Crawl Stone Soup version 0.30.0-19-gbf45117a57 (webtiles) character file.

Game seed: 5435137604285035180

101636 qw the Severer (level 16, -34/101 HPs)
             Began as a Gargoyle Fighter on May 23, 2023.
             Was a High Priest of Okawaru.
             Annihilated by Rupert
             ... wielding a +2 great mace of pain
              (36 damage)
             ... on level 1 of the Spider Nest.
             The game lasted 00:13:25 (24877 turns).

qw the Severer (Gargoyle Fighter)                  Turns: 24877, Time: 00:13:25

Health: -34/101    AC: 54    Str: 27    XL:     16   Next: 31%
Magic:  23/23      EV: 11    Int: 10    God:    Okawaru [*****.]
Gold:   257        SH: 17    Dex:  9    Spells: 15/15 levels left

rFire   + + .        o - +3 broad axe (spect)
rCold   . . .        t - +1 kite shield {rPois}
rNeg    + + .        a - +1 crystal plate armour
rPois   inf          j - +2 helmet
rElec   +            H - +2 cloak of Jigsaw {+Inv rN+}
rCorr   .            u - +1 pair of gloves
SInv    .            C - +2 pair of boots
Will    +....        J - amulet of reflection Stlth
                     B - ring of Kexariac {+Blink rElec rF++ AC+4 Stlth-}
HPRegen 0.36/turn    p - +5 ring of evasion
MPRegen 0.18/turn

%: reflection
@: flying
A: sickness immunity, AC +12, big wings, negative energy resistance 1,
electricity resistance, torment resistance 1, petrification resistance,
screaming 1, subdued magic 1
a: Renounce Religion, Evoke Blink, Evoke Invisibility, Heroism, Finesse, Duel


You were on level 1 of the Spider Nest.
You worshipped Okawaru.
Okawaru was extremely pleased with you.
You visited 5 branches of the dungeon, and saw 24 of its levels.
You also visited: Sewer and Gauntlet.

You collected 3278 gold pieces.
You spent 3021 gold pieces at shops.


Innate Abilities, Weirdness & Mutations

You are immune to sickness and miasma.
Your stone body is resilient. (AC +12)
You are immune to poison.
Your large and strong wings let you fly.
You resist negative energy. (rN+)
You are resistant to electric shocks. (rElec)
You are resistant to unholy torment.
You are immune to petrification.
You occasionally shout uncontrollably at your foes.
Your spells are a little easier to cast, but a little less powerful.


   Skills:
 - Level 12.0 Fighting
 - Level 16.0 Axes
 - Level 6.1 Throwing
 + Level 14.8 Armour
 - Level 4.0 Dodging
 - Level 12.1 Shields
 - Level 10.0 Invocations


You had 15 spell levels left.
You didn't know any spells.
Your spell library was empty.

Inventory:

Hand Weapons
 o - a +3 spectral broad axe (weapon)
 I - a +3 war axe of flaming
Missiles
 D - 3 silver boomerangs (quivered)
 F - 18 boomerangs
Armour
 a - a +1 crystal plate armour (worn)
 h - a scarf of resistance
 j - a +2 helmet (worn)
 r - a +2 plate armour of cold resistance
 s - +0 acid dragon scales
 t - a +1 kite shield of poison resistance (worn)
 u - a +1 pair of gloves (worn)
 C - a +2 pair of boots (worn)
 H - the +2 cloak of Jigsaw (worn) {+Inv rN+}
   (You bought it in a shop on level 2 of the Orcish Mines)

   rN:        It protects you from negative energy.
   +Inv:      It lets you turn invisible.
Jewellery
 p - a +5 ring of evasion (right hand)
 A - a ring of protection from cold
 B - the ring of Kexariac (left hand) {+Blink rElec rF++ AC+4 Stlth-}
   (You found it in a Gauntlet)

   [ring of protection]

   AC:        It affects your AC (+4).
   rF:        It greatly protects you from fire.
   rElec:     It insulates you from electricity.
   +Blink:    It lets you blink.
   Stlth:     It makes you less stealthy.
 G - a ring of protection from fire
 J - an amulet of reflection (around neck)
Wands
 y - a wand of digging (12)
Scrolls
 e - 5 scrolls of teleportation
 i - 15 scrolls of identify
Potions
 c - 2 potions of magic
 d - 7 potions of might
 f - 2 potions of curing
 k - 3 potions of lignification
 l - 3 potions of haste
 m - 3 potions of resistance
 n - 5 potions of mutation
 q - a potion of cancellation
 w - 3 potions of heal wounds
 z - 2 potions of attraction

Dungeon Overview and Level Annotations

Branches:
Dungeon (15/15)            Temple (1/1) D:4            Lair (5/5) D:9
 Shoals (0/4) Lair:2       Spider (1/4) Lair:2        Slime (0/5) Lair:5
    Orc (2/2) D:12            Elf (0/3) Orc:2        Vaults (0/5) D:13
 Depths (0/4) D:15          Sewer (visited)         Gauntlet (visited)

Altars:
Ashenzari
Cheibriados
Dithmenos
Elyvilon
Fedhas
Gozag
Hepliaklqana
Kikubaaqudgha
Makhleb
Nemelex Xobeh
Okawaru
Qazlal
Ru
Sif Muna
Trog
Uskayaw
Vehumet
Wu Jian
Xom
Yredelemnul
Zin
The Shining One
Jiyva

Shops:
D:1 :   D:13 [:   Orc:2 [*[=

Portals:
Abyss: Lair:4

Annotations:
Lair:4 2 transporters, qw's ghost, journeyman GrFi
Lair:5 2 transporters, qw's ghost, journeyman GrFi
Spider:1 Rupert
Orc:1 4 transporters
Orc:2 2 transporters, qw's ghost, journeyman GrFi


Message History

You barely miss something.
Your +3 spectral broad axe misses something.
Something hits you!
You miss something.
Your +3 spectral broad axe hits something!!
Something hits your +3 spectral broad axe.
Your spectral weapon shares its damage with you!
Something hits your +3 spectral broad axe!!!
Your spectral weapon shares its damage with you!
Your +3 spectral broad axe disappears.
You completely miss something.
You hear a shout!
Your +3 spectral broad axe closely misses something.
You block something's attack.
You hit something.
Your +3 spectral broad axe closely misses something.
Something hits you but does no damage.
You writhe in agony.
You slash something!
Your +3 spectral broad axe hits something!!
Something barely misses your +3 spectral broad axe.
You slash something!
Your +3 spectral broad axe closely misses something.
Something hits you but does no damage.
You writhe in agony.
Something hits you.
You writhe in agony.
You miss something.
Your +3 spectral broad axe closely misses something.
Something hits you but does no damage.
You barely miss something.
Your +3 spectral broad axe hits something!!
Something hits your +3 spectral broad axe!!!
Your spectral weapon shares its damage with you!
Your +3 spectral broad axe disappears.
You miss something.
You hear a shout!
Your +3 spectral broad axe hits something but does no damage.
Something barely misses your +3 spectral broad axe.
You completely miss something.
Your +3 spectral broad axe misses something.
Something hits you!!!
You die...

#....##.......#
###....%.%.#....#
###......#.#.#...># #
##........#.........#
..#....#...#%........##
....^...........#.#..#
#......?......#.### .#
....#.(..^#.##### #
#.....{@.####
##......## ....#####
.#. .


You could see a friendly +3 spectral broad axe.

Vanquished Creatures
  Jorgrun (D:15)
  Mlioglotl (Spider:1)
  Agnes (Spider:1)
  Roxanne (Spider:1)
  A minotaur (Gauntlet)
  A green death (Gauntlet)
  A fire dragon (D:15)
  Josephine (D:10)
  Fannar (D:10)
  4 vault guards (D:13)
  2 ogre magi
  An ice dragon (D:15)
  4 hydras
  6 centaur warriors
  A ghost crab (Spider:1)
  9 two-headed ogres
  2 boulder beetles
  2 tengu warriors
  Amaemon (D:8)
  2 skysharks
  2 pharaoh ants (Spider:1)
  3 skeletal warriors (D:15)
  Nergalle (D:10)
  A fire crab (Lair:3)
  An orb spider (Spider:1)
  An orange crystal statue (D:12)
  2 wizards
  A lindwurm (Lair:1)
  Pikel (D:5)
  5 steelbarb worms (Spider:1)
  4 wolf spiders (Spider:1)
  7 cyclopes
  2 manticores
  2 orc knights
  12 ugly things
  3 deep elf pyromancers
  2 moths of wrath (Spider:1)
  An ice statue (D:12)
  3 orange demons
  A demonic crawler (Spider:1)
  10 cane toads
  3 black mambas
  A gargoyle (D:13)
  A water nymph (Lair:2)
  4 kobold demonologists (D:10)
  4 unseen horrors
  4 rime drakes
  Maggie (D:9)
  8 komodo dragons
  2 freezing wraiths (D:15)
  5 tengu conjurers
  2 trolls
  2 tyrant leeches (Spider:1)
  8 polar bears
  6 meliai
  5 hornets
  4 tarantellas (Spider:1)
  15 blink frogs
  A dream sheep (Lair:5)
  11 jumping spiders
  8 culicivoras
  3 shadows
  3 vampires
  15 yaks
  10 slime creatures
  14 spriggans
  3 wyverns
  A human (D:13)
  2 steam dragons
  2 basilisks
  6 wraiths
  4 redbacks
  19 vampire mosquitoes
  4 wargs
  2 acid dragons
  Edmund (D:4)
  Duvessa (D:4)
  9 water moccasins
  An ice beast (D:7)
  41 orc warriors
  6 black bears
  8 ogres
  7 boggarts
  31 centaurs
  26 wolves
  4 lemures (D:5)
  4 phantoms
  2 kobold brigands (D:10)
  7 bullfrogs
  A scorpion (D:6)
  4 gnoll sergeants
  5 wights (D:7)
  Dowan (D:4)
  10 killer bees
  7 howler monkeys
  An electric eel (Lair:2)
  4 crimson imps (D:12)
  3 hounds
  10 jellies
  19 orc priests
  A sleepcap (D:8)
  A gnoll bouda (D:7)
  2 iguanas
  25 orc wizards
  4 hell rats (Lair:3)
  Robin (D:3)
  28 gnolls
  12 adders
  A white imp (D:7)
  3 ufetubi
  2 worms
  4 dart slugs
  76 orcs
  4 bats
  14 endoplasms
  7 giant cockroaches
  7 goblins
  7 hobgoblins
  18 kobolds
  5 quokkas
  9 ball pythons
  6 frilled lizards
  9 rats
750 creatures vanquished.

Vanquished Creatures (others)
  A deep elf knight (D:13)
  2 tyrant leeches (Spider:1)
  A killer bee (D:10)
  A howler monkey (D:13)
  8 spectral weapons
13 creatures vanquished.

Grand Total: 763 creatures vanquished

Notes
Turn   | Place    | Note
-------+----------+-------------------------------------------
     0 | D:1      | qw the Gargoyle Fighter began the quest for the Orb.
     0 | D:1      | Reached XP level 1. HP: 14/14 MP: 1/1
     0 | D:1      | 0 ||| qw: Version: 0.2-a-98-g5d7165a
     0 | D:1      | 0 ||| qw: Game counter: 15
     0 | D:1      | 0 ||| qw: Always use a shield: true
     0 | D:1      | 0 ||| qw: God list: Okawaru
     0 | D:1      | 0 ||| qw: Allow faded altars: false
     0 | D:1      | 0 ||| qw: Do Orc after D:15 true
     0 | D:1      | 0 ||| qw: Do second Lair branch before Depths: true
     0 | D:1      | 0 ||| qw: Lair rune preference: random
     0 | D:1      | 0 ||| qw: Plans: Normal, Zot:1-4, God:TSO, Crypt, Tomb,
                  | Pan, Slime:5, Hells, Abyss, Win
     0 | D:1      | 0 ||| PLANNING D:1-11
   101 | D:1      | Found Coxa's Book Shop.
   109 | D:1      | 109 ||| READING scroll labelled GADUDGH POILEL.
   126 | D:1      | Reached skill level 2 in Axes
   201 | D:1      | Reached XP level 2. HP: 19/19 MP: 2/2
   287 | D:1      | 287 ||| Stepping ~*~*~tactically~*~*~ (stealth).
   291 | D:1      | 291 ||| Stepping ~*~*~tactically~*~*~ (stealth).
   503 | D:1      | You fall into a shaft and drop 1 floor!
   504 | D:2      | 504 ||| READING scroll labelled ANLARPH VATTI.
   507 | D:2      | 507 ||| READING 2 scrolls labelled GIOSEH PIESI.
   508 | D:2      | 508 ||| READING scroll labelled NIOWAI NUNEYGI.
   509 | D:2      | 509 ||| READING scroll labelled KIUMOF ZAODECHIOCH.
   510 | D:2      | 510 ||| READING scroll labelled COHUMA HUPHI.
   511 | D:2      | 511 ||| DRINKING 2 fuming amethyst potions.
   615 | D:2      | 615 ||| DROPPING potion of berserk rage.
   616 | D:2      | 616 ||| DROPPING scroll of noise.
   726 | D:1      | Reached skill level 3 in Axes
   728 | D:1      | 728 ||| DROPPING +0 club.
   921 | D:2      | Reached XP level 3. HP: 23/23 MP: 3/3
  1078 | D:2      | Identified the +5 falchion "Koseac" {distort, rN+}
  1145 | D:2      | Found a faded altar of an unknown god.
  1256 | D:2      | 1256 ||| UPGRADING to +0 pair of boots.
  1263 | D:2      | 1263 ||| READING scroll of enchant armour.
  1263 | D:2      | 1263 ||| ENCHANTING +0 pair of boots.
  1461 | D:2      | 1461 ||| READING scroll labelled COEVUE TADIWN.
  1462 | D:2      | 1462 ||| READING scroll labelled KUXKER SOBRA.
  1573 | D:3      | 1573 ||| PLANNING SEWER
  1616 | D:3      | Noticed Robin
  1635 | D:3      | Killed Robin
  1637 | D:3      | Reached XP level 4. HP: 9/28 MP: 4/4
  1847 | D:3      | Found a glowing drain.
  1848 | D:3      | 1848 ||| UPGRADING to +1 helmet.
  1853 | D:3      | 1853 ||| READING 2 scrolls of identify.
  1853 | D:3      | 1853 ||| IDENTIFYING bubbling black potion
  1874 | Sewer    | Entered a sewer
  1904 | Sewer    | Reached skill level 4 in Axes
  2003 | Sewer    | 2003 ||| Stepping ~*~*~tactically~*~*~ (water).
  2034 | Sewer    | 2034 ||| Stepping ~*~*~tactically~*~*~ (stealth).
  2040 | Sewer    | Reached XP level 5. HP: 18/32 MP: 5/5
  2054 | Sewer    | 2054 ||| Stepping ~*~*~tactically~*~*~ (stealth).
  2056 | Sewer    | 2056 ||| Stepping ~*~*~tactically~*~*~ (stealth).
  2057 | Sewer    | 2057 ||| Stepping ~*~*~tactically~*~*~ (stealth).
  2119 | Sewer    | Reached skill level 5 in Axes
  2200 | Sewer    | Found a viscous altar of Jiyva.
  2225 | Sewer    | Reached XP level 6. HP: 38/38 MP: 6/6
  2284 | Sewer    | Reached skill level 1 in Dodging
  2336 | Sewer    | 2336 ||| DRINKING 2 bubbling amethyst potions.
  2358 | D:3      | 2358 ||| PLANNING D:1-11
  2444 | D:3      | 2444 ||| DROPPING +0 whip.
  2471 | D:3      | 2471 ||| Stepping ~*~*~tactically~*~*~ (hiding).
  2683 | D:3      | 2683 ||| Stepping ~*~*~tactically~*~*~ (hiding).
  2700 | D:3      | 2700 ||| Stepping ~*~*~tactically~*~*~ (hiding).
  3045 | D:4      | Noticed a steam dragon
  3047 | D:4      | 3047 ||| STAIRDANCE
  3123 | D:4      | 3123 ||| STAIRDANCE
  3191 | D:4      | Noticed a black bear
  3197 | D:4      | 3197 ||| STAIRDANCE
  3208 | D:3      | Killed a steam dragon
  3209 | D:3      | Reached skill level 6 in Axes
  3209 | D:3      | Reached XP level 7. HP: 16/43 MP: 7/7
  3314 | D:4      | 3314 ||| STAIRDANCE
  3596 | D:4      | Noticed Dowan
  3597 | D:4      | Noticed Duvessa
  3610 | D:4      | Killed Duvessa
  3611 | D:4      | Reached skill level 7 in Axes
  3611 | D:4      | 3611 ||| Stepping ~*~*~tactically~*~*~ (hiding).
  3615 | D:4      | 3615 ||| Stepping ~*~*~tactically~*~*~ (hiding).
  3621 | D:4      | 3621 ||| Stepping ~*~*~tactically~*~*~ (hiding).
  3628 | D:4      | Killed Dowan
  3757 | D:4      | 3757 ||| READING scroll of enchant weapon.
  3757 | D:4      | 3757 ||| ENCHANTING +1 war axe.
  3793 | D:4      | 3793 ||| Stepping ~*~*~tactically~*~*~ (stealth).
  3796 | D:4      | 3796 ||| Stepping ~*~*~tactically~*~*~ (stealth).
  3809 | D:4      | 3809 ||| Stepping ~*~*~tactically~*~*~ (stealth).
  3841 | D:4      | Found a burning altar of Makhleb.
  3857 | D:4      | Found a white marble altar of Elyvilon.
  3914 | D:4      | Noticed Edmund
  3925 | D:4      | HP: 6/44 [Edmund/+7 flail of holy wrath (6)]
  3926 | D:4      | 3926 ||| READING 8 scrolls of teleportation.
  4082 | D:4      | 4082 ||| Stepping ~*~*~tactically~*~*~ (stealth).
  4087 | D:4      | Killed Edmund
  4088 | D:4      | Reached XP level 8. HP: 49/49 MP: 8/8
  4090 | D:4      | 4090 ||| DROPPING +0 flail.
  4123 | D:4      | Found a staircase to the Ecumenical Temple.
  4124 | D:4      | 4124 ||| PLANNING TEMPLE
  4124 | D:4      | 4124 ||| UPGRADING to +0 chain mail.
  4134 | D:4      | 4134 ||| DROPPING +0 scale mail.
  4135 | D:4      | 4135 ||| READING scroll labelled YWILEJ ATZY.
  4136 | D:4      | 4136 ||| DRINKING 2 black potions.
  4137 | D:4      | 4137 ||| READING 2 scrolls of identify.
  4137 | D:4      | 4137 ||| IDENTIFYING fuming puce potion
  4138 | D:4      | 4138 ||| DROPPING potion of brilliance.
  4139 | D:4      | 4139 ||| DROPPING potion of degeneration.
  4145 | Temple   | Entered the Ecumenical Temple
  4320 | Temple   | 4320 ||| PLANNING D:1-11
  4424 | D:5      | Entered Level 5 of the Dungeon
  4515 | D:5      | Found a snail-covered altar of Cheibriados.
  4532 | D:5      | 4532 ||| READING 2 scrolls of identify.
  4532 | D:5      | 4532 ||| IDENTIFYING emerald potion
  4558 | D:5      | 4558 ||| Stepping ~*~*~tactically~*~*~ (stealth).
  4663 | D:5      | Reached skill level 8 in Axes
  4810 | D:5      | 4810 ||| Stepping ~*~*~tactically~*~*~ (stealth).
  4847 | D:5      | 4847 ||| DRINKING potion of curing.
  4847 | D:5      | 4847 ||| (to cure confusion)
  4933 | D:5      | Noticed Pikel
  4958 | D:5      | Killed Pikel
  4959 | D:5      | Reached XP level 9. HP: 25/59 MP: 9/9
  5099 | D:5      | Found a shadowy altar of Dithmenos.
  5451 | D:5      | 5451 ||| UPGRADING to +0 plate armour.
  5461 | D:5      | 5461 ||| UPGRADING to scarf of repulsion.
  5466 | D:5      | 5466 ||| DROPPING +0 chain mail.
  5505 | D:6      | 5505 ||| Stepping ~*~*~tactically~*~*~ (hiding).
  5593 | D:6      | 5593 ||| Stepping ~*~*~tactically~*~*~ (stealth).
  5594 | D:6      | 5594 ||| Stepping ~*~*~tactically~*~*~ (stealth).
  5596 | D:6      | 5596 ||| Stepping ~*~*~tactically~*~*~ (stealth).
  5704 | D:6      | 5704 ||| Stepping ~*~*~tactically~*~*~ (stealth).
  5864 | D:6      | Reached skill level 9 in Axes
  5981 | D:6      | 5981 ||| Stepping ~*~*~tactically~*~*~ (hiding).
  6123 | D:6      | 6123 ||| Stepping ~*~*~tactically~*~*~ (hiding).
  6132 | D:6      | 6132 ||| Stepping ~*~*~tactically~*~*~ (stealth).
  6134 | D:6      | 6134 ||| Stepping ~*~*~tactically~*~*~ (hiding).
  6333 | D:6      | Found a hazy altar of Hepliaklqana.
  6360 | D:6      | Reached skill level 6 in Armour
  6515 | D:6      | 6515 ||| DRINKING 2 bubbling brown potions.
  6515 | D:6      | Gained mutation: You occasionally shout uncontrollably at
                  | your foes. [potion of mutation]
  6515 | D:6      | Gained mutation: Your spells are a little easier to cast,
                  | but a little less powerful. [potion of mutation]
  6516 | D:6      | 6516 ||| READING 2 scrolls of identify.
  6516 | D:6      | 6516 ||| IDENTIFYING smoky dark potion
  6548 | D:7      | HP: 14/59 [wight/+5 spear (3)]
  6549 | D:7      | 6549 ||| READING 7 scrolls of teleportation.
  6550 | D:7      | 6550 ||| DRINKING potion of heal wounds.
  6559 | D:7      | 6559 ||| Stepping ~*~*~tactically~*~*~ (stealth).
  6601 | D:7      | 6601 ||| Stepping ~*~*~tactically~*~*~ (stealth).
  6603 | D:7      | 6603 ||| Stepping ~*~*~tactically~*~*~ (stealth).
  6613 | D:7      | 6613 ||| Stepping ~*~*~tactically~*~*~ (stealth).
  6614 | D:7      | 6614 ||| Stepping ~*~*~tactically~*~*~ (stealth).
  6617 | D:7      | 6617 ||| Stepping ~*~*~tactically~*~*~ (stealth).
  6757 | D:7      | Reached XP level 10. HP: 62/64 MP: 10/10
  6913 | D:7      | 6913 ||| SWAPPING to +1 war axe of electrocution.
  6914 | D:7      | 6914 ||| DROPPING +2 war axe.
  6945 | D:7      | 6945 ||| Stepping ~*~*~tactically~*~*~ (hiding).
  6952 | D:7      | 6952 ||| Stepping ~*~*~tactically~*~*~ (stealth).
  6953 | D:7      | 6953 ||| Stepping ~*~*~tactically~*~*~ (stealth).
  6975 | D:7      | Reached skill level 10 in Axes
  7114 | D:7      | 7114 ||| UPGRADING to +2 buckler.
  7124 | D:7      | 7124 ||| DROPPING +0 buckler.
  7162 | D:8      | 7162 ||| Stepping ~*~*~tactically~*~*~ (hiding).
  7175 | D:8      | 7175 ||| Stepping ~*~*~tactically~*~*~ (hiding).
  7354 | D:8      | Found a broken altar of Ashenzari.
  7357 | D:8      | Found a glowing silver altar of Zin.
  7357 | D:8      | Found a radiant altar of Vehumet.
  7368 | D:8      | Found an opulent altar of Gozag.
  7370 | D:8      | Found an ancient bone altar of Kikubaaqudgha.
  7438 | D:8      | 7438 ||| READING scroll of enchant armour.
  7438 | D:8      | 7438 ||| ENCHANTING +1 helmet.
  7515 | D:8      | 7515 ||| Stepping ~*~*~tactically~*~*~ (stealth).
  7525 | D:8      | Noticed an orange demon
  7537 | D:8      | Killed an orange demon
  7554 | D:8      | Noticed Amaemon
  7555 | D:8      | 7555 ||| Stepping ~*~*~tactically~*~*~ (stealth).
  7634 | D:8      | 7634 ||| Stepping ~*~*~tactically~*~*~ (hiding).
  7653 | D:8      | Killed Amaemon
  7711 | D:8      | 7711 ||| DROPPING +7 flail of holy wrath.
  7773 | D:8      | Noticed a two-headed ogre
  7791 | D:8      | HP: 9/64 [two-headed ogre/+0 giant spiked club (12)]
  7791 | D:8      | HP: 1/64 [two-headed ogre/+0 giant spiked club (8)]
  7792 | D:8      | 7792 ||| READING 7 scrolls of teleportation.
  7793 | D:8      | 7793 ||| DRINKING potion of heal wounds.
  7934 | D:8      | 7934 ||| Stepping ~*~*~tactically~*~*~ (stealth).
  7937 | D:8      | 7937 ||| Stepping ~*~*~tactically~*~*~ (stealth).
  7940 | D:8      | 7940 ||| Stepping ~*~*~tactically~*~*~ (stealth).
  8019 | D:8      | Killed a two-headed ogre
  8020 | D:8      | Reached skill level 11 in Axes
  8107 | D:8      | 8107 ||| READING scroll of enchant weapon.
  8107 | D:8      | 8107 ||| ENCHANTING +1 war axe of electrocution.
  8112 | D:8      | 8112 ||| Stepping ~*~*~tactically~*~*~ (hiding).
  8365 | D:8      | 8365 ||| UPGRADING to ring of willpower.
  8366 | D:8      | 8366 ||| UPGRADING to +5 ring of evasion.
  8411 | D:9      | 8411 ||| Stepping ~*~*~tactically~*~*~ (stealth).
  8415 | D:9      | Found a viscous altar of Jiyva.
  8494 | D:9      | Reached skill level 9 in Fighting
  8538 | D:9      | Noticed Maggie
  8547 | D:9      | Killed Maggie
  8616 | D:9      | Reached XP level 11. HP: 70/71 MP: 11/11
  8619 | D:9      | 8619 ||| Stepping ~*~*~tactically~*~*~ (hiding).
  8885 | D:9      | Found a staircase to the Lair.
  8890 | D:9      | 8890 ||| Stepping ~*~*~tactically~*~*~ (stealth).
  8891 | D:9      | 8891 ||| Stepping ~*~*~tactically~*~*~ (stealth).
  8892 | D:9      | 8892 ||| Stepping ~*~*~tactically~*~*~ (stealth).
  8893 | D:9      | 8893 ||| Stepping ~*~*~tactically~*~*~ (stealth).
  8896 | D:9      | 8896 ||| Stepping ~*~*~tactically~*~*~ (stealth).
  8898 | D:9      | 8898 ||| Stepping ~*~*~tactically~*~*~ (hiding).
  8899 | D:9      | 8899 ||| Stepping ~*~*~tactically~*~*~ (hiding).
  8900 | D:9      | 8900 ||| Stepping ~*~*~tactically~*~*~ (hiding).
  8905 | D:9      | 8905 ||| Stepping ~*~*~tactically~*~*~ (hiding).
  9008 | D:9      | Found an ornate altar of the Wu Jian Council.
  9046 | D:9      | 9046 ||| Stepping ~*~*~tactically~*~*~ (stealth).
  9048 | D:9      | 9048 ||| Stepping ~*~*~tactically~*~*~ (hiding).
  9070 | D:9      | 9070 ||| Stepping ~*~*~tactically~*~*~ (hiding).
  9277 | D:9      | Found an iron altar of Okawaru.
  9278 | D:9      | 9278 ||| PLANNING OKAWARU WORSHIP
  9278 | D:9      | 9278 ||| UPGRADING to +0 pair of gloves.
  9283 | D:9      | 9283 ||| UPGRADING to ring of protection from cold.
  9285 | D:9      | 9285 ||| READING scroll labelled EBLOOZ QIRO.
  9286 | D:9      | 9286 ||| READING 5 scrolls of identify.
  9286 | D:9      | 9286 ||| IDENTIFYING silvery potion
  9287 | D:9      | 9287 ||| DROPPING potion of magic.
  9298 | D:9      | Became a worshipper of Warmaster Okawaru
  9298 | D:9      | 9298 ||| PLANNING D:1-11
  9549 | D:9      | 9549 ||| PLANNING LAIR
  9549 | D:9      | 9549 ||| DROPPING ring of willpower.
  9589 | Lair:1   | Entered Level 1 of the Lair of Beasts
  9603 | Lair:1   | Reached skill level 3 in Throwing
  9616 | Lair:1   | 9616 ||| Stepping ~*~*~tactically~*~*~ (stealth).
  9662 | Lair:1   | Reached * piety under Okawaru
  9818 | Lair:1   | 9818 ||| INVOKING Heroism.
  9830 | Lair:1   | Reached skill level 1 in Invocations
  9864 | Lair:1   | 9864 ||| READING scroll of enchant armour.
  9864 | Lair:1   | 9864 ||| ENCHANTING +0 pair of gloves.
  9881 | Lair:1   | 9881 ||| Stepping ~*~*~tactically~*~*~ (hiding).
  9883 | Lair:1   | 9883 ||| Stepping ~*~*~tactically~*~*~ (hiding).
  9886 | Lair:1   | 9886 ||| INVOKING Heroism.
  9887 | Lair:1   | 9887 ||| Stepping ~*~*~tactically~*~*~ (cloud).
  9889 | Lair:1   | 9889 ||| Stepping ~*~*~tactically~*~*~ (cloud).
  9970 | Lair:1   | Noticed a lindwurm
  9971 | Lair:1   | 9971 ||| INVOKING Heroism.
  9984 | Lair:1   | Killed a lindwurm
  9985 | Lair:1   | Reached skill level 12 in Axes
 10007 | Lair:1   | 10007 ||| INVOKING Heroism.
 10276 | Lair:1   | 10276 ||| INVOKING Heroism.
 10284 | Lair:1   | Reached skill level 3 in Invocations
 10566 | Lair:1   | 10566 ||| DROPPING ring of wizardry.
 10635 | Lair:2   | Noticed a skyshark
 10649 | Lair:2   | 10649 ||| INVOKING Heroism.
 10655 | Lair:2   | Killed a skyshark
 10656 | Lair:2   | Reached skill level 9 in Armour
 10847 | Lair:2   | Reached ** piety under Okawaru
 10874 | Lair:2   | Noticed a five-headed hydra
 10875 | Lair:2   | 10875 ||| INVOKING Heroism.
 10880 | Lair:2   | 10880 ||| SWAPPING to +0 demon whip of venom.
 10886 | Lair:2   | Killed a five-headed hydra
 10887 | Lair:2   | Reached skill level 6 in Shields
 10887 | Lair:2   | 10887 ||| SWAPPING to +2 war axe of electrocution.
 11047 | Lair:2   | 11047 ||| Stepping ~*~*~tactically~*~*~ (stealth).
 11049 | Lair:2   | 11049 ||| Stepping ~*~*~tactically~*~*~ (hiding).
 11118 | Lair:2   | Reached XP level 12. HP: 76/76 MP: 15/15
 11139 | Lair:2   | 11139 ||| Stepping ~*~*~tactically~*~*~ (hiding).
 11140 | Lair:2   | 11140 ||| Stepping ~*~*~tactically~*~*~ (hiding).
 11141 | Lair:2   | 11141 ||| Stepping ~*~*~tactically~*~*~ (hiding).
 11142 | Lair:2   | 11142 ||| Stepping ~*~*~tactically~*~*~ (hiding).
 11143 | Lair:2   | 11143 ||| INVOKING Heroism.
 11181 | Lair:2   | 11181 ||| Stepping ~*~*~tactically~*~*~ (stealth).
 11182 | Lair:2   | 11182 ||| Stepping ~*~*~tactically~*~*~ (stealth).
 11183 | Lair:2   | 11183 ||| Stepping ~*~*~tactically~*~*~ (stealth).
 11238 | Lair:2   | 11238 ||| Stepping ~*~*~tactically~*~*~ (stealth).
 11258 | Lair:2   | 11258 ||| INVOKING Heroism.
 11369 | Lair:2   | Found the +7 Kryia's mail coat {PotionHeal*2 rC+}
 11379 | Lair:2   | 11379 ||| Stepping ~*~*~tactically~*~*~ (water).
 11437 | Lair:2   | Reached *** piety under Okawaru
 11700 | Lair:2   | Found a hole to the Spider Nest.
 11834 | Lair:2   | Noticed an eight-headed hydra
 11835 | Lair:2   | 11835 ||| INVOKING Heroism.
 11839 | Lair:2   | 11839 ||| SWAPPING to +0 demon whip of venom.
 11847 | Lair:2   | Killed an eight-headed hydra
 11848 | Lair:2   | 11848 ||| SWAPPING to +2 war axe of electrocution.
 12091 | Lair:2   | 12091 ||| Stepping ~*~*~tactically~*~*~ (stealth).
 12220 | Lair:2   | 12220 ||| UPGRADING to +7 Kryia's mail coat {PotionHeal*2
                  | rC+}.
 12230 | Lair:2   | 12230 ||| UPGRADING to +6 ring of dexterity.
 12232 | Lair:2   | 12232 ||| DROPPING ring of positive energy.
 12479 | Lair:3   | Reached skill level 3 in Dodging
 12480 | Lair:3   | 12480 ||| Stepping ~*~*~tactically~*~*~ (cloud).
 12482 | Lair:3   | 12482 ||| Stepping ~*~*~tactically~*~*~ (cloud).
 12483 | Lair:3   | 12483 ||| Stepping ~*~*~tactically~*~*~ (cloud).
 12484 | Lair:3   | 12484 ||| INVOKING Heroism.
 12491 | Lair:3   | Reached skill level 13 in Axes
 12627 | Lair:3   | 12627 ||| INVOKING Heroism.
 12643 | Lair:3   | 12643 ||| Stepping ~*~*~tactically~*~*~ (stealth).
 12651 | Lair:3   | 12651 ||| Stepping ~*~*~tactically~*~*~ (stealth).
 12653 | Lair:3   | 12653 ||| INVOKING Heroism.
 12677 | Lair:3   | 12677 ||| INVOKING Heroism.
 12689 | Lair:3   | 12689 ||| INVOKING Heroism.
 13307 | Lair:3   | 13307 ||| UPGRADING to amulet of regeneration.
 13379 | Lair:4   | Found a transporter.
 13604 | Lair:4   | 13604 ||| INVOKING Heroism.
 13801 | Lair:4   | Found a one-way gate to the infinite horrors of the Abyss.
 13801 | Lair:4   | Noticed qw's ghost (journeyman GrFi)
 13803 | Lair:4   | 13803 ||| INVOKING Heroism.
 13839 | Lair:4   | Found a transporter.
 13957 | Lair:4   | a slime creature changed into a fire dragon
 13957 | Lair:4   | Noticed a fire dragon (glowing shapeshifter)
 13958 | Lair:4   | a fire dragon changed into a great orb of eyes
 13958 | Lair:4   | Noticed a great orb of eyes (glowing shapeshifter)
 13986 | Lair:4   | Noticed a thrashing horror
 14152 | Lair:4   | 14152 ||| READING scroll labelled CEPANIE IGGISM.
 14153 | Lair:4   | 14153 ||| READING 8 scrolls of identify.
 14153 | Lair:4   | 14153 ||| IDENTIFYING murky purple potion
 14154 | Lair:4   | 14154 ||| DROPPING scroll of blinking.
 14195 | Lair:5   | Entered Level 5 of the Lair of Beasts
 14195 | Lair:5   | Found a viscous altar of Jiyva.
 14195 | Lair:5   | Found a staircase to the Slime Pits.
 14251 | Lair:5   | Reached skill level 14 in Axes
 14258 | Lair:5   | Reached **** piety under Okawaru
 14288 | Lair:5   | 14288 ||| INVOKING Heroism.
 14294 | Lair:5   | Reached XP level 13. HP: 79/82 MP: 13/16
 14315 | Lair:5   | 14315 ||| INVOKING Heroism.
 14374 | Lair:5   | 14374 ||| INVOKING Heroism.
 14379 | Lair:5   | 14379 ||| SWAPPING to +0 demon whip of venom.
 14391 | Lair:5   | 14391 ||| SWAPPING to +2 war axe of electrocution.
 14415 | Lair:5   | 14415 ||| INVOKING Heroism.
 14492 | Lair:5   | Found a transporter.
 14495 | Lair:5   | Found a transporter.
 14502 | Lair:5   | Found a bloodstained altar of Trog.
 14510 | Lair:5   | Noticed qw's ghost (journeyman GrFi)
 14721 | Lair:5   | 14721 ||| Stepping ~*~*~tactically~*~*~ (stealth).
 14723 | Lair:5   | 14723 ||| Stepping ~*~*~tactically~*~*~ (stealth).
 14724 | Lair:5   | 14724 ||| Stepping ~*~*~tactically~*~*~ (stealth).
 14769 | Lair:5   | 14769 ||| Stepping ~*~*~tactically~*~*~ (stealth).
 14801 | Lair:5   | 14801 ||| INVOKING Heroism.
 14809 | Lair:5   | 14809 ||| Stepping ~*~*~tactically~*~*~ (stealth).
 14846 | Lair:5   | 14846 ||| INVOKING Heroism.
 14881 | Lair:5   | 14881 ||| INVOKING Heroism.
 14908 | Lair:5   | 14908 ||| Stepping ~*~*~tactically~*~*~ (stealth).
 14911 | Lair:5   | 14911 ||| INVOKING Heroism.
 14935 | Lair:5   | 14935 ||| INVOKING Heroism.
 14954 | Lair:5   | Reached skill level 6 in Invocations
 14976 | Lair:5   | 14976 ||| Stepping ~*~*~tactically~*~*~ (stealth).
 15008 | Lair:5   | 15008 ||| Stepping ~*~*~tactically~*~*~ (stealth).
 15009 | Lair:5   | 15009 ||| Stepping ~*~*~tactically~*~*~ (stealth).
 15010 | Lair:5   | 15010 ||| Stepping ~*~*~tactically~*~*~ (stealth).
 15039 | Lair:5   | 15039 ||| Stepping ~*~*~tactically~*~*~ (hiding).
 15043 | Lair:5   | 15043 ||| INVOKING Heroism.
 15055 | Lair:5   | Received a gift from Okawaru
 15119 | Lair:5   | 15119 ||| INVOKING Heroism.
 15129 | Lair:5   | 15129 ||| Stepping ~*~*~tactically~*~*~ (stealth).
 15150 | Lair:5   | 15150 ||| Stepping ~*~*~tactically~*~*~ (stealth).
 15160 | Lair:5   | Received a gift from Okawaru
 15345 | Lair:5   | 15345 ||| Stepping ~*~*~tactically~*~*~ (stealth).
 15351 | Lair:5   | 15351 ||| INVOKING Heroism.
 15473 | Lair:5   | 15473 ||| PLANNING D:1-11
 15473 | Lair:5   | 15473 ||| UPGRADING to +2 pair of boots.
 15483 | Lair:5   | 15483 ||| DROPPING +1 pair of boots.
 15484 | Lair:5   | 15484 ||| READING scroll labelled FOBONU JEORIE.
 15485 | Lair:5   | 15485 ||| READING 7 scrolls of identify.
 15485 | Lair:5   | 15485 ||| IDENTIFYING bubbling yellow potion
 15486 | Lair:5   | 15486 ||| DROPPING potion of flight.
 15641 | D:10     | Entered Level 10 of the Dungeon
 15734 | D:10     | 15734 ||| Stepping ~*~*~tactically~*~*~ (stealth).
 15738 | D:10     | 15738 ||| Stepping ~*~*~tactically~*~*~ (stealth).
 15795 | D:10     | Noticed Nergalle
 15796 | D:10     | 15796 ||| Stepping ~*~*~tactically~*~*~ (hiding).
 15797 | D:10     | 15797 ||| INVOKING Heroism.
 15813 | D:10     | Reached skill level 15 in Axes
 15819 | D:10     | Killed Nergalle
 15825 | D:10     | 15825 ||| Stepping ~*~*~tactically~*~*~ (hiding).
 15833 | D:10     | 15833 ||| SWAPPING to +0 demon whip of venom.
 15839 | D:10     | 15839 ||| SWAPPING to +2 war axe of electrocution.
 15857 | D:10     | 15857 ||| Stepping ~*~*~tactically~*~*~ (stealth).
 15861 | D:10     | 15861 ||| Stepping ~*~*~tactically~*~*~ (hiding).
 15864 | D:10     | 15864 ||| Stepping ~*~*~tactically~*~*~ (hiding).
 15892 | D:10     | 15892 ||| Stepping ~*~*~tactically~*~*~ (stealth).
 15893 | D:10     | 15893 ||| Stepping ~*~*~tactically~*~*~ (stealth).
 15894 | D:10     | 15894 ||| Stepping ~*~*~tactically~*~*~ (stealth).
 15902 | D:10     | 15902 ||| INVOKING Heroism.
 15971 | D:10     | 15971 ||| Stepping ~*~*~tactically~*~*~ (stealth).
 15973 | D:10     | 15973 ||| Stepping ~*~*~tactically~*~*~ (hiding).
 16131 | D:10     | Noticed Josephine
 16143 | D:10     | Killed Josephine
 16199 | D:10     | Noticed Fannar
 16208 | D:10     | Gained mutation: Your large and strong wings let you fly.
                  | [Gargoyle growth]
 16208 | D:10     | Reached XP level 14. HP: 90/90 MP: 19/19
 16214 | D:10     | Killed Fannar
 16243 | D:10     | 16243 ||| Stepping ~*~*~tactically~*~*~ (hiding).
 16251 | D:10     | Reached ***** piety under Okawaru
 16266 | D:10     | 16266 ||| Stepping randomly (disturbance).
 16267 | D:10     | 16267 ||| Stepping randomly (disturbance).
 16459 | D:10     | 16459 ||| Stepping ~*~*~tactically~*~*~ (hiding).
 16460 | D:10     | 16460 ||| Stepping ~*~*~tactically~*~*~ (hiding).
 16461 | D:10     | 16461 ||| Stepping ~*~*~tactically~*~*~ (hiding).
 16782 | D:10     | 16782 ||| UPGRADING to ring of protection from fire.
 16784 | D:10     | 16784 ||| DROPPING ring of magical power.
 16785 | D:10     | 16785 ||| READING scroll labelled BABBE EDWONLAR.
 16844 | D:11     | 16844 ||| PLANNING GAUNTLET
 16844 | D:11     | 16844 ||| STAIRDANCE
 16953 | D:11     | 16953 ||| Stepping ~*~*~tactically~*~*~ (stealth).
 16958 | D:11     | 16958 ||| Stepping ~*~*~tactically~*~*~ (stealth).
 16964 | D:11     | 16964 ||| Stepping ~*~*~tactically~*~*~ (stealth).
 16966 | D:11     | 16966 ||| Stepping ~*~*~tactically~*~*~ (hiding).
 16990 | D:11     | Received a gift from Okawaru
 17277 | D:11     | Found a gate leading to a gauntlet.
 17285 | Gauntlet | Entered a Gauntlet
 17285 | Gauntlet | Found a transporter.
 17294 | Gauntlet | Found a transporter.
 17297 | Gauntlet | Noticed a dire elephant
 17312 | Gauntlet | Found a transporter.
 17315 | Gauntlet | Found a transporter.
 17336 | Gauntlet | Found a transporter.
 17349 | Gauntlet | Found a transporter.
 17363 | Gauntlet | Found a transporter.
 17390 | Gauntlet | Found a transporter.
 17390 | Gauntlet | Found a transporter.
 17396 | Gauntlet | Found a transporter.
 17429 | Gauntlet | Found a transporter.
 17429 | Gauntlet | Found a transporter.
 17525 | Gauntlet | Identified the ring of Kexariac {+Blink rElec rF++ AC+4
                  | Stlth-}
 17534 | Gauntlet | 17534 ||| DROPPING +6 ring of dexterity.
 17535 | Gauntlet | 17535 ||| UPGRADING to ring of Kexariac {+Blink rElec rF++
                  | AC+4 Stlth-}.
 17537 | Gauntlet | 17537 ||| READING scroll labelled DAALULIYLI.
 17537 | Gauntlet | Identified a scroll of acquirement
 17537 | Gauntlet | 17537 ||| ACQUIRING 904 gold pieces
 17537 | Gauntlet | Acquired 904 gold pieces
 17546 | Gauntlet | 17546 ||| INVOKING Heroism.
 17554 | Gauntlet | Reached skill level 9 in Invocations
 17611 | Gauntlet | 17611 ||| DROPPING amulet of magic regeneration.
 17640 | Gauntlet | 17640 ||| Stepping ~*~*~tactically~*~*~ (stealth).
 17641 | Gauntlet | 17641 ||| Stepping ~*~*~tactically~*~*~ (stealth).
 17643 | Gauntlet | 17643 ||| Stepping ~*~*~tactically~*~*~ (stealth).
 17645 | Gauntlet | 17645 ||| INVOKING Heroism.
 17694 | Gauntlet | 17694 ||| SWAPPING to +3 heavy broad axe.
 17695 | Gauntlet | 17695 ||| DROPPING +2 war axe of electrocution.
 17698 | Gauntlet | Identified the +4 leather armour of the Gardener {Drain
                  | +Inv Will+++ Stlth-}
 17703 | Gauntlet | 17703 ||| UPGRADING to +1 kite shield of poison resistance.
 17713 | Gauntlet | 17713 ||| DROPPING +2 buckler.
 17717 | D:11     | 17717 ||| PLANNING D:1-11
 18104 | D:11     | 18104 ||| INVOKING Heroism.
 18317 | D:11     | 18317 ||| PLANNING D
 18353 | D:12     | Found a staircase to the Orcish Mines.
 18354 | D:12     | 18354 ||| Stepping ~*~*~tactically~*~*~ (hiding).
 18358 | D:12     | 18358 ||| INVOKING Heroism.
 18380 | D:12     | Received a gift from Okawaru
 18479 | D:12     | 18479 ||| Stepping ~*~*~tactically~*~*~ (hiding).
 18481 | D:12     | 18481 ||| Stepping ~*~*~tactically~*~*~ (hiding).
 18684 | D:12     | 18684 ||| INVOKING Heroism.
 18686 | D:12     | 18686 ||| READING 9 scrolls of teleportation.
 18747 | D:12     | Found a shimmering altar of Xom.
 18855 | D:12     | 18855 ||| INVOKING Heroism.
 18902 | D:12     | 18902 ||| Stepping ~*~*~tactically~*~*~ (hiding).
 18903 | D:12     | 18903 ||| Stepping ~*~*~tactically~*~*~ (hiding).
 18905 | D:12     | 18905 ||| Stepping ~*~*~tactically~*~*~ (hiding).
 18906 | D:12     | 18906 ||| Stepping ~*~*~tactically~*~*~ (hiding).
 18907 | D:12     | 18907 ||| Stepping ~*~*~tactically~*~*~ (hiding).
 18910 | D:12     | 18910 ||| Stepping ~*~*~tactically~*~*~ (hiding).
 18913 | D:12     | 18913 ||| Stepping ~*~*~tactically~*~*~ (hiding).
 18914 | D:12     | 18914 ||| Stepping ~*~*~tactically~*~*~ (hiding).
 18919 | D:12     | 18919 ||| Stepping ~*~*~tactically~*~*~ (hiding).
 18936 | D:12     | 18936 ||| Stepping randomly (disturbance).
 18937 | D:12     | 18937 ||| Stepping randomly (disturbance).
 18962 | D:12     | 18962 ||| DRINKING 7 potions of curing.
 18962 | D:12     | 18962 ||| (to cure confusion)
 18967 | D:12     | 18967 ||| INVOKING Heroism.
 18979 | D:12     | 18979 ||| DRINKING 6 potions of curing.
 18979 | D:12     | 18979 ||| (to cure confusion)
 18980 | D:12     | 18980 ||| DRINKING 5 potions of curing.
 18980 | D:12     | 18980 ||| (to cure confusion)
 19211 | D:12     | 19211 ||| Stepping ~*~*~tactically~*~*~ (stealth).
 19212 | D:12     | 19212 ||| Stepping ~*~*~tactically~*~*~ (stealth).
 19219 | D:12     | Reached skill level 9 in Shields
 19259 | D:12     | Received a gift from Okawaru
 19260 | D:12     | 19260 ||| Stepping ~*~*~tactically~*~*~ (hiding).
 19261 | D:12     | 19261 ||| Stepping ~*~*~tactically~*~*~ (hiding).
 19262 | D:12     | 19262 ||| Stepping ~*~*~tactically~*~*~ (hiding).
 19420 | D:12     | 19420 ||| DROPPING +0 plate armour.
 19421 | D:12     | 19421 ||| UPGRADING to +2 plate armour of willpower.
 19431 | D:12     | 19431 ||| READING scroll labelled ZAPAPNITRE.
 19432 | D:12     | 19432 ||| DROPPING +0 war axe of holy wrath.
 19440 | D:13     | Found Quufydi's Armour Shoppe.
 19443 | D:13     | 19443 ||| BUYING +0 crystal plate armour (1040 gold).
 19443 | D:13     | Bought a +0 crystal plate armour for 1040 gold pieces
 19443 | D:13     | 19443 ||| BUYING scarf of resistance (416 gold).
 19443 | D:13     | Bought a scarf of resistance for 416 gold pieces
 19448 | D:13     | Identified the quicksilver dragon scales of Marbles
                  | {*Corrode rPois rF- Will+ Dex+5}
 19486 | D:13     | 19486 ||| Stepping ~*~*~tactically~*~*~ (stealth).
 19487 | D:13     | 19487 ||| Stepping ~*~*~tactically~*~*~ (stealth).
 19531 | D:13     | 19531 ||| Stepping ~*~*~tactically~*~*~ (hiding).
 19577 | D:13     | 19577 ||| Stepping ~*~*~tactically~*~*~ (stealth).
 19580 | D:13     | 19580 ||| Stepping ~*~*~tactically~*~*~ (stealth).
 19640 | D:13     | 19640 ||| INVOKING Heroism.
 19655 | D:13     | Received a gift from Okawaru
 19659 | D:13     | Reached XP level 15. HP: 27/96 MP: 22/22
 19660 | D:13     | HP: 22/96 [vault guard/+0 great sword (6)]
 19661 | D:13     | 19661 ||| READING 9 scrolls of teleportation.
 19662 | D:13     | 19662 ||| DRINKING 5 potions of heal wounds.
 19855 | D:13     | Found Bicifenu's Tremendous Tomes.
 19994 | D:13     | Found a gate to the Vaults.
 19995 | D:13     | 19995 ||| Stepping ~*~*~tactically~*~*~ (hiding).
 20028 | D:13     | 20028 ||| Stepping ~*~*~tactically~*~*~ (hiding).
 20029 | D:13     | 20029 ||| Stepping ~*~*~tactically~*~*~ (hiding).
 20036 | D:13     | Reached skill level 12 in Shields
 20039 | D:13     | Received a gift from Okawaru
 20049 | D:13     | 20049 ||| DROPPING +0 demon whip of venom.
 20101 | D:13     | 20101 ||| UPGRADING to +0 crystal plate armour.
 20111 | D:13     | 20111 ||| DROPPING +2 plate armour of willpower.
 20112 | D:13     | 20112 ||| DROPPING +7 Kryia's mail coat {PotionHeal*2 rC+}.
 20113 | D:13     | 20113 ||| DROPPING quicksilver dragon scales of Marbles
                  | {*Corrode rPois rF- Will+ Dex+5}.
 20114 | D:13     | 20114 ||| READING 12 scrolls of identify.
 20114 | D:13     | 20114 ||| IDENTIFYING smoky green potion
 20115 | D:13     | 20115 ||| DROPPING potion of invisibility.
 20182 | D:14     | 20182 ||| Stepping ~*~*~tactically~*~*~ (hiding).
 20208 | D:14     | 20208 ||| Stepping ~*~*~tactically~*~*~ (hiding).
 20212 | D:14     | 20212 ||| Stepping ~*~*~tactically~*~*~ (hiding).
 20337 | D:14     | Received a gift from Okawaru
 20355 | D:14     | 20355 ||| Stepping ~*~*~tactically~*~*~ (stealth).
 20563 | D:14     | Received a gift from Okawaru
 20968 | D:14     | 20968 ||| READING scroll labelled AHYQUMPINN.
 21044 | D:15     | Entered Level 15 of the Dungeon
 21080 | D:15     | 21080 ||| Stepping ~*~*~tactically~*~*~ (hiding).
 21084 | D:15     | 21084 ||| INVOKING Heroism.
 21089 | D:15     | 21089 ||| Stepping ~*~*~tactically~*~*~ (hiding).
 21091 | D:15     | 21091 ||| Stepping ~*~*~tactically~*~*~ (hiding).
 21141 | D:15     | Found a staircase to the Depths.
 21166 | D:15     | 21166 ||| Stepping ~*~*~tactically~*~*~ (hiding).
 21168 | D:15     | 21168 ||| Stepping ~*~*~tactically~*~*~ (hiding).
 21184 | D:15     | Reached skill level 12 in Armour
 21500 | D:15     | 21500 ||| INVOKING Heroism.
 21501 | D:15     | 21501 ||| INVOKING Finesse.
 21718 | D:15     | Noticed Jorgrun
 21719 | D:15     | 21719 ||| INVOKING Heroism.
 21720 | D:15     | 21720 ||| INVOKING Finesse.
 21734 | D:15     | Killed Jorgrun
 21924 | D:15     | 21924 ||| Stepping ~*~*~tactically~*~*~ (stealth).
 22005 | D:15     | Reached skill level 6 in Throwing
 22023 | D:15     | 22023 ||| INVOKING Heroism.
 22026 | D:15     | 22026 ||| Stepping ~*~*~tactically~*~*~ (hiding).
 22323 | D:15     | 22323 ||| PLANNING ORC
 22378 | D:12     | 22378 ||| Stepping ~*~*~tactically~*~*~ (stealth).
 22386 | D:12     | 22386 ||| Stepping ~*~*~tactically~*~*~ (stealth).
 22387 | D:12     | 22387 ||| Stepping ~*~*~tactically~*~*~ (stealth).
 22395 | D:12     | 22395 ||| INVOKING Heroism.
 22399 | D:12     | 22399 ||| READING 8 scrolls of teleportation.
 22402 | D:12     | HP: 14/96 [titanic slime creature (64)]
 22403 | D:12     | 22403 ||| DRINKING 8 potions of heal wounds.
 22404 | D:12     | 22404 ||| Stepping ~*~*~tactically~*~*~ (stealth).
 22480 | Orc:1    | Entered Level 1 of the Orcish Mines
 22484 | Orc:1    | 22484 ||| Stepping ~*~*~tactically~*~*~ (hiding).
 22611 | Orc:1    | 22611 ||| Stepping ~*~*~tactically~*~*~ (hiding).
 22618 | Orc:1    | 22618 ||| Stepping ~*~*~tactically~*~*~ (hiding).
 22622 | Orc:1    | 22622 ||| DRINKING 4 potions of curing.
 22622 | Orc:1    | 22622 ||| (to cure confusion)
 22634 | Orc:1    | Found an ornate altar of the Wu Jian Council.
 22634 | Orc:1    | Found a transporter.
 22636 | Orc:1    | 22636 ||| Stepping ~*~*~tactically~*~*~ (stealth).
 22637 | Orc:1    | 22637 ||| Stepping ~*~*~tactically~*~*~ (stealth).
 22645 | Orc:1    | 22645 ||| Stepping ~*~*~tactically~*~*~ (stealth).
 22657 | Orc:1    | 22657 ||| Stepping ~*~*~tactically~*~*~ (hiding).
 22659 | Orc:1    | 22659 ||| Stepping ~*~*~tactically~*~*~ (hiding).
 22661 | Orc:1    | 22661 ||| Stepping ~*~*~tactically~*~*~ (hiding).
 22662 | Orc:1    | 22662 ||| Stepping ~*~*~tactically~*~*~ (hiding).
 22664 | Orc:1    | 22664 ||| Stepping ~*~*~tactically~*~*~ (stealth).
 22884 | Orc:2    | Entered Level 2 of the Orcish Mines
 23078 | Orc:1    | Found a transporter.
 23085 | Orc:1    | Found a transporter.
 23105 | Orc:1    | Found a transporter.
 23106 | Orc:1    | Found an ornate altar of the Wu Jian Council.
 23106 | Orc:1    | Noticed an orc warlord
 23186 | Orc:2    | 23186 ||| Stepping ~*~*~tactically~*~*~ (stealth).
 23188 | Orc:2    | 23188 ||| Stepping ~*~*~tactically~*~*~ (hiding).
 23224 | Orc:1    | 23224 ||| Stepping ~*~*~tactically~*~*~ (hiding).
 23225 | Orc:1    | 23225 ||| Stepping ~*~*~tactically~*~*~ (hiding).
 23227 | Orc:1    | 23227 ||| Stepping ~*~*~tactically~*~*~ (hiding).
 23241 | Orc:1    | 23241 ||| Stepping ~*~*~tactically~*~*~ (hiding).
 23286 | Orc:1    | 23286 ||| Stepping ~*~*~tactically~*~*~ (stealth).
 23467 | Orc:2    | Found a dark tunnel.
 23508 | Orc:2    | 23508 ||| Stepping ~*~*~tactically~*~*~ (hiding).
 23511 | Orc:2    | 23511 ||| Stepping ~*~*~tactically~*~*~ (hiding).
 23512 | Orc:2    | 23512 ||| Stepping ~*~*~tactically~*~*~ (hiding).
 23520 | Orc:2    | Reached skill level 12 in Fighting
 23668 | Orc:2    | 23668 ||| Stepping ~*~*~tactically~*~*~ (hiding).
 23703 | Orc:2    | 23703 ||| Stepping ~*~*~tactically~*~*~ (hiding).
 23829 | Orc:2    | Found Afiaqinu's Antique Armour Emporium.
 23829 | Orc:2    | Found Enin's General Store.
 23829 | Orc:2    | Found Alableekh's Antique Armour Shop.
 23832 | Orc:2    | Found Cypnoil's Jewellery Shoppe.
 23837 | Orc:2    | 23837 ||| BUYING potion of cancellation (128 gold).
 23837 | Orc:2    | Bought a potion of cancellation for 128 gold pieces
 23837 | Orc:2    | 23837 ||| BUYING potion of might (64 gold).
 23837 | Orc:2    | Bought a potion of might for 64 gold pieces
 23839 | Orc:2    | 23839 ||| BUYING runed plate armour (676 gold).
 23839 | Orc:2    | Bought a runed plate armour for 676 gold pieces
 23839 | Orc:2    | 23839 ||| BUYING spiked cloak (247 gold).
 23839 | Orc:2    | Bought a spiked cloak for 247 gold pieces
 23839 | Orc:2    | Identified the +2 cloak of Jigsaw {+Inv rN+} (You bought it
                  | in a shop on level 2 of the Orcish Mines)
 23844 | Orc:2    | 23844 ||| SHOPLISTING +5 ring of evasion (540 gold, have
                  | 528).
 23844 | Orc:2    | 23844 ||| BUYING amulet of reflection (450 gold).
 23844 | Orc:2    | Bought an amulet of reflection for 450 gold pieces
 23844 | Orc:2    | 23844 ||| SHOPLISTING ring of ice (375 gold, have 78).
 23844 | Orc:2    | 23844 ||| SHOPLISTING ring of protection from cold (375
                  | gold, have 78).
 23844 | Orc:2    | 23844 ||| SHOPLISTING ring of resist corrosion (300 gold,
                  | have 78).
 23864 | Orc:2    | Found a transporter.
 23910 | Orc:2    | 23910 ||| Stepping ~*~*~tactically~*~*~ (stealth).
 23913 | Orc:2    | Found a staircase to the Elven Halls.
 23945 | Orc:2    | Noticed qw's ghost (journeyman GrFi)
 23952 | Orc:2    | Found a transporter.
 24193 | Orc:2    | 24193 ||| PLANNING SPIDER:1-3
 24193 | Orc:2    | 24193 ||| DROPPING +0 cloak.
 24194 | Orc:2    | 24194 ||| UPGRADING to +2 cloak of Jigsaw {+Inv rN+}.
 24204 | Orc:2    | 24204 ||| DROPPING scarf of repulsion.
 24205 | Orc:2    | 24205 ||| UPGRADING to amulet of reflection.
 24215 | Orc:2    | 24215 ||| DROPPING amulet of regeneration.
 24435 | Spider:1 | Entered Level 1 of the Spider Nest
 24435 | Spider:1 | Noticed Roxanne
 24436 | Spider:1 | 24436 ||| INVOKING Heroism.
 24440 | Spider:1 | 24440 ||| INVOKING Finesse.
 24452 | Spider:1 | Noticed Mlioglotl
 24468 | Spider:1 | Reached XP level 16. HP: 43/101 MP: 17/23
 24473 | Spider:1 | Killed Roxanne
 24477 | Spider:1 | HP: 21/101 [Mlioglotl (14)]
 24478 | Spider:1 | 24478 ||| READING 7 scrolls of teleportation.
 24479 | Spider:1 | 24479 ||| DRINKING 7 potions of heal wounds.
 24481 | Spider:1 | Killed Mlioglotl
 24481 | Spider:1 | Received a gift from Okawaru
 24540 | Spider:1 | 24540 ||| Stepping ~*~*~tactically~*~*~ (stealth).
 24541 | Spider:1 | 24541 ||| INVOKING Heroism.
 24542 | Spider:1 | Noticed Agnes
 24555 | Spider:1 | Killed Agnes
 24556 | Spider:1 | Reached skill level 16 in Axes
 24568 | Spider:1 | 24568 ||| INVOKING Finesse.
 24570 | Spider:1 | HP: 23/101 [tarantella (4)]
 24571 | Spider:1 | 24571 ||| READING 6 scrolls of teleportation.
 24572 | Spider:1 | 24572 ||| DRINKING 6 potions of heal wounds.
 24587 | Spider:1 | 24587 ||| INVOKING Heroism.
 24588 | Spider:1 | Noticed Rupert
 24598 | Spider:1 | 24598 ||| DRINKING 3 potions of curing.
 24598 | Spider:1 | 24598 ||| (to cure confusion)
 24601 | Spider:1 | HP: 20/101 [Rupert/+2 great mace of pain (12)]
 24602 | Spider:1 | 24602 ||| READING 5 scrolls of teleportation.
 24602 | Spider:1 | HP: 3/101 [steelbarb worm (17)]
 24603 | Spider:1 | 24603 ||| DRINKING 5 potions of heal wounds.
 24607 | Spider:1 | HP: 24/101 [ghost crab] (3)]
 24608 | Spider:1 | 24608 ||| DRINKING 4 potions of heal wounds.
 24737 | Spider:1 | 24737 ||| Stepping ~*~*~tactically~*~*~ (stealth).
 24738 | Spider:1 | 24738 ||| Stepping ~*~*~tactically~*~*~ (stealth).
 24741 | Spider:1 | 24741 ||| INVOKING Finesse.
 24825 | Spider:1 | 24825 ||| Stepping ~*~*~tactically~*~*~ (stealth).
 24839 | Spider:1 | 24839 ||| READING scroll of enchant armour.
 24839 | Spider:1 | 24839 ||| ENCHANTING +0 crystal plate armour.
 24848 | Spider:1 | Paralysed by something for 2 turns
 24868 | Spider:1 | HP: 22/101 [something (11)]
 24869 | Spider:1 | HP: 8/101 [something (13)]
 24873 | Spider:1 | HP: 3/101 [something (4)]
 24875 | Spider:1 | HP: 1/101 [something (2)]
 24877 | Spider:1 | Annihilated by Rupert

Levels and vault maps discovered:
D:1:      zaba_arrival_water, layout_loops_ring, serial_shops, shop
D:2:      layout_loops_cross, nicolae_ecumenical_oubliette, serial_glass,
          glass_columns_b, glass_columns_c, dreamdust_mushroom_princess
D:3:      layout_loops_ring, cheibrodos_sewer_entry_drain, minmay_statues_item,
          st_stairs_7, lexackson_kobold_supper, uniq_robin
D:4:      layout_rooms, lemuel_tele_altar, amcnicky_altar_gilded,
          minmay_temple_entry_enclosed_plants, uniq_duvessa, uniq_edmund
D:5:      layout_basic, mainiacjoe_overflow_paths, slow_altar_1,
          grunt_ministairs_15, uniq_pikel
D:6:      layout_gridville, nzn_hepliaklqana_mist_gate,
          nicolae_elevator_lobby_asterisk
D:7:      layout_rooms, nicolae_titane
D:8:      layout_loops_ring, minmay_overflow_temple_star_hex, uniq_amaemon
D:9:      layout_gridville, lemuel_doored_altar,
          nicolae_wu_jian_immortal_techniques, serial_co_window_serial,
          co_window_paths_b, co_window_of_opportunity_a, co_window_paths_a,
          co_window_paths_a, co_window_paths_b, co_window_2corner,
          co_window_unsneaky_path_e, co_window_corner_cb, glass_columns_b,
          jiyva_altar_1, uniq_maggie
D:10:     layout_roguey, minmay_pinched_square, uniq_nergalle, uniq_fannar,
          uniq_josephine
D:11:     layout_gridville, gauntlet_entry_generic
D:12:     minmay_separated_statues, layout_small_grid, david_orc_5, led_xom_imps
D:13:     layout_cave_pools, grunt_vaults_entry_fortified,
          nicolae_stop_n_shop_2, nicolae_shop_i_like_big_books
D:14:     layout_loops_corners
D:15:     grunt_enter_depths_hoard, layout_gridville, minmay_strange_pillars,
          uniq_jorgrun
Temple:   jpeg_temple_alley_garden
Lair:1:   layout_chaotic_city, nicolae_lair_lindhole
Lair:2:   statuecave_lemuel, layout_chaotic_city, nicolae_shoals_entry_flooding,
          nicolae_spider_entry_tight_spaces
Lair:3:   layout_gridlike, grunt_megastairs_4
Lair:4:   layout_regular_city, gammafunk_ghost_abyssal_escape,
          forest_entry_grove
Lair:5:   minmay_lair_end_enchanted_forest, layout_concentric_octagons,
          slime_entry_1, gammafunk_ghost_wrathful_warriors,
          chequers_serial_rivers_micro_d
Spider:1: layout_spider_delve, nicolae_spider_swamp_cousins, uniq_mlioglotl,
          uniq_rupert, uniq_agnes, uniq_roxanne
Orc:1:    dreamdust_wu_jian_sword_trials, layout_diamond_mine,
          nicolae_orc_rich_vein
Orc:2:    st_orc_rangers, layout_diamond_mine, nicolae_volcano_entry_hallway,
          gammafunk_ghost_berserking_beasts

Skill      XL: |  1  2  3  4  5  6  7  8  9 10 11 12 13 14 15 16 |
---------------+-------------------------------------------------+-----
Axes           | 2 3 4 5 6 7 8 9 11 12 14 15 16 | 16.0
Fighting       | 4 5 8 9 10 11 12 | 12.0
Dodging        | 1 2 4 |  4.0
Throwing       | 2 3 5 6 |  6.1
Armour         | 4 6 7 9 10 14 | 14.8
Shields        | 4 5 6 7 11 12 | 12.1
Invocations    | 4 7 10 | 10.0

Action                     |  1- 3 |  4- 6 |  7- 9 | 10-12 | 13-15 | 16-18 || total
---------------------------+-------+-------+-------+-------+-------+-------++-------
  Melee: War axe           |   114 |   157 |   320 |   531 |   470 |       ||  1592
         Demon whip        |       |       |       |    14 |    16 |       ||    30
         Broad axe         |       |       |       |       |   549 |    98 ||   647
  Throw: Boomerang         |       |    16 |    46 |       |    46 |     9 ||   117
         Javelin           |       |       |     2 |    48 |   135 |       ||   185
 Invoke: Heroism           |       |       |       |    18 |    27 |     2 ||    47
         Finesse           |       |       |       |       |     3 |     2 ||     5
    Use: Scroll            |     9 |     1 |     7 |     8 |    10 |     4 ||    39
         Potion            |     1 |     1 |     4 |     1 |     6 |     5 ||    18
   Stab: Distracted        |       |       |       |       |    12 |     2 ||    14
 Armour: Scale mail        |    83 |    80 |    47 |    54 |   304 |       ||   568
         Chain mail        |       |       |    70 |       |       |       ||    70
         Plate armour      |       |       |   104 |   272 |    44 |       ||   420
         Crystal plate arm |       |       |       |       |   124 |   106 ||   230
  Dodge: Dodged            |    53 |    61 |    90 |   275 |   565 |    56 ||  1100
         Repelled          |       |       |       |     5 |    11 |       ||    16
  Block: Buckler           |    21 |    26 |    54 |   178 |   171 |       ||   450
         Kite shield       |       |       |       |       |   329 |    58 ||   387
         Reflection        |       |       |       |       |       |     1 ||     1

Table legend:
 A = Non-vault XP
 B = Vault XP
 C = Vault XP percentage of total XP
 D = Non-vault monster count
 E = Vault monster count
 F = Vault count percentage of total count
                 A         B        C        D         E       F
            +---------+---------+-------+---------+---------+-------
      Total |   91399 |   53796 |  37.1 |     496 |     252 |  33.7
            +---------+---------+-------+---------+---------+-------
        D:1 |      27 |       0 |   0.0 |      17 |       0 |   0.0
        D:2 |      27 |       0 |   0.0 |       9 |       0 |   0.0
        D:3 |     411 |      55 |  11.8 |      18 |      20 |  52.6
        D:4 |     177 |     365 |  67.3 |      14 |       3 |  17.6
        D:5 |     931 |     668 |  41.8 |      27 |       4 |  12.9
        D:6 |    1258 |       0 |   0.0 |      23 |       0 |   0.0
        D:7 |     820 |       0 |   0.0 |      19 |       0 |   0.0
        D:8 |    1960 |    1216 |  38.3 |      23 |       2 |   8.0
        D:9 |    1214 |     535 |  30.6 |      27 |       5 |  15.6
       D:10 |    2408 |    8138 |  77.2 |      28 |      21 |  42.9
       D:11 |    3219 |       0 |   0.0 |      10 |       0 |   0.0
       D:12 |    6998 |    3149 |  31.0 |      29 |      27 |  48.2
       D:13 |   11545 |    6377 |  35.6 |      33 |      10 |  23.3
       D:14 |    6756 |       0 |   0.0 |      16 |       0 |   0.0
       D:15 |   16501 |    3616 |  18.0 |      36 |       3 |   7.7
     Lair:1 |    4044 |     658 |  14.0 |      16 |       1 |   5.9
     Lair:2 |    6169 |    2391 |  27.9 |      22 |      10 |  31.2
     Lair:3 |    2802 |    1340 |  32.4 |      12 |       5 |  29.4
     Lair:4 |    1330 |    1217 |  47.8 |       5 |       7 |  58.3
     Lair:5 |    7342 |    9200 |  55.6 |      22 |      46 |  67.6
   Spider:1 |   12760 |    6906 |  35.1 |      33 |      13 |  28.3
      Orc:1 |    1306 |       0 |   0.0 |      28 |       0 |   0.0
      Orc:2 |    1394 |    3973 |  74.0 |      29 |      37 |  56.1
      Sewer |       0 |     269 | 100.0 |       0 |      31 | 100.0
   Gauntlet |       0 |    3723 | 100.0 |       0 |       7 | 100.0
            +---------+---------+-------+---------+---------+-------
